 Dungeon Crawl Stone Soup version 0.24.1-11-gbbbb2193e6 (webtiles) character file.

Game seed: 8277273078092784098, levelgen mode: deterministic

147 Hugehornet the Insei (level 5, 0/33 HPs)
             Began as an Octopode Transmuter on May 13, 2020.
             Shot with an arrow by a centaur (7 damage)
             ... on level 3 of the Dungeon.
             The game lasted 00:03:49 (2566 turns).

Hugehornet the Insei (Octopode Transmuter)          Turns: 2566, Time: 00:03:50

Health: 0/33       AC:  1    Str:  9    XL:     5   Next: 29%
Magic:  9/9        EV: 13    Int: 17    God:
Gold:   93         SH:  0    Dex: 12    Spells: 0/10 levels left

rFire    . . .     SeeInvis .     - Unarmed
rCold    . . .     Gourm    .   (no shield)
rNeg     . . .     Faith    .   (helmet restricted)
rPois    .         Spirit   .   (no amulet)
rElec    .         Reflect  .   (no ring)
rCorr    .         Harm     .   (no ring)
MR       .....                  (no ring)
Stlth    ++........             (no ring)
HPRegen  0.11/turn              (no ring)
MPRegen  0.11/turn              (no ring)
                                (no ring)
                                (no ring)

@: no status effects
A: almost no armour, stealthy swim, amphibious, 8 rings, constrict 8, camouflage
1, gelatinous body 1
a: no special abilities


You were on level 3 of the Dungeon.
You were hungry.

You visited 1 branch of the dungeon, and saw 3 of its levels.

You collected 93 gold pieces.

Inventory:

Missiles
 a - 12 arrows
Armour
 j - a +0 buckler
Scrolls
 b - a scroll of random uselessness {unknown}
 d - a scroll of enchant armour {unknown}
 e - a scroll of teleportation
 f - a scroll of fear {unknown}
 g - a scroll of magic mapping {unknown}
 h - a scroll of identify
 k - a scroll of remove curse {unknown}
Potions
 i - a potion of cancellation
 l - a potion of agility
Comestibles
 c - 6 rations


   Skills:
 - Level 1.0 Fighting
 - Level 2.0 Dodging
 + Level 3.5 Unarmed Combat
 + Level 3.0 Spellcasting
 * Level 3.2 Transmutations
 * Level 0.1 Ice Magic
 + Level 2.9 Poison Magic


You couldn't memorise any spells.
You knew the following spells:

 Your Spells              Type           Power        Failure   Level  Hunger
a - Beastly Appendage     Tmut           ##....       4%          1    None
b - Sticks to Snakes      Tmut           ##......     7%          2    ##.....
c - Spider Form           Tmut/Pois      ##........   14%         3    ###....
d - Ice Form              Ice/Tmut       #.......     65%         4    ####...

Your spell library contained the following spells:

 Spells                   Type           Power        Failure   Level  Hunger
 Blade Hands              Tmut           ##........   78%         5    ######.


Dungeon Overview and Level Annotations

Branches:
Dungeon (3/15)

Altars:


Innate Abilities, Weirdness & Mutations

You cannot wear most types of armour.
You are very stealthy in the water. (Stealth+)
You are amphibious.
You can wear up to eight rings at the same time.
You can use your tentacles to constrict eight enemies at once.
Your skin changes colour to match your surroundings (Stealth+).
Your rubbery body absorbs attacks. (AC +1, EV +1)


Message History

A centaur is nearby!
You see here an adder corpse.
You feel sick.
Found 14 sling bullets and 7 gold pieces.
You start resting.
You feel sick. x2
You are no longer poisoned.
You start resting.
You are feeling hungry.
You see here 14 sling bullets.
You start resting.
Your transformation is almost over.
You start resting.
Your tentacle spike disappears.
You start resting.
The centaur is too close now for your liking.
The centaur shouts!
The centaur wields a +0 shortbow.
The centaur shoots an arrow.
The arrow hits you!
You die...

####....##.....##..##
##.#
###...##.8.##..##
#.## ###..##.##..##
#†.# #)†.#'#..)# ##.#
#.#..'....### #.#
#...##†...#...# #.##
#.#####.#...#.. #...
... #....#### #...
c.# ###@...# #...
.... #(...### #...
### #....### ####
..c......#
###.####... .$. .###
##. .. # ##. ..


You could see a centaur.

Vanquished Creatures
  Jessica (D:2)
  6 adders
  3 worms
  A dart slug (D:1)
  An orc (D:3)
  2 bats
  3 giant cockroaches
  5 hobgoblins
  6 jackals (D:2)
  6 kobolds
  3 quokkas
  A frilled lizard (D:1)
  13 goblins
  4 rats
55 creatures vanquished.

Notes
Turn   | Place    | Note
-------+----------+-------------------------------------------
     0 | D:1      | Hugehornet the Octopode Transmuter began the quest for the
                  | Orb.
     0 | D:1      | Reached XP level 1. HP: 13/13 MP: 3/3
   209 | D:1      | Reached XP level 2. HP: 18/18 MP: 3/5
   732 | D:1      | Learned a level 2 spell: Sticks to Snakes
   738 | D:2      | Reached XP level 3. HP: 23/23 MP: 4/6
   743 | D:2      | Learned a level 3 spell: Spider Form
   800 | D:2      | Reached skill level 1 in Poison Magic
  1093 | D:2      | Noticed Jessica
  1098 | D:2      | Killed Jessica
  1098 | D:2      | Reached XP level 4. HP: 28/28 MP: 5/8
  1464 | D:2      | HP: 1/28 [kobold/cursed -3 trident (2)]
  2147 | D:2      | Reached XP level 5. HP: 33/33 MP: 9/9
  2403 | D:3      | Learned a level 4 spell: Ice Form
  2537 | D:3      | Noticed a centaur
  2566 | D:3      | Shot with an arrow by a centaur

Levels and vault maps discovered:
D:1:      dpeg_arrival_tiny_f, layout_basic
D:2:      layout_rooms, uniq_jessica
D:3:      layout_rooms, grunt_decor_arrowhead

Skill      XL: |  1  2  3  4  5 |
---------------+----------------+-----
Transmutations | 3 |  3.2
Poison Magic   | 2 |  2.9
Spellcasting   | 3 |  3.0
Fighting       | |  1.0
Dodging        | |  2.0
Unarmed Combat | |  3.5
Ice Magic      | |  0.1

Action                   |  1- 3 |  4- 6 || total
-------------------------+-------+-------++-------
Melee: Unarmed           |    42 |   103 ||   145
       Constrict         |    11 |    22 ||    33
       Tentacles         |     6 |    11 ||    17
       Kick              |     9 |    26 ||    35
       Punch             |     2 |     3 ||     5
 Cast: Beastly Appendage |    17 |    19 ||    36
  Use: Potion            |       |     1 ||     1
       Scroll            |       |     2 ||     2
 Stab: Sleeping          |     3 |     1 ||     4
  Eat: Chunk             |       |     5 ||     5
Armor: Skin              |     1 |     7 ||     8
Dodge: Dodged            |    23 |    57 ||    80
